 Dungeon Crawl Stone Soup version 0.31-a0-1074-g0b22e4e0f1 (webtiles) character file.

Game seed: 9152667539891849030

172 monsoonserge the Charlatan (level 5, 0/33 HPs)
             Began as an Octopode Artificer on Dec 5, 2023.
             Slain by a gnoll
             ... wielding a +0 halberd
              (15 damage)
             ... on level 2 of the Dungeon.
             The game lasted 00:08:15 (1719 turns).

monsoonserge the Charlatan (Octopode Artificer)     Turns: 1719, Time: 00:08:16

Health: 0/33       AC:  1    Str: 14    XL:     5   Next: 53%
Magic:  5/5        EV: 13    Int: 13    God:
Gold:   72         SH:  0    Dex: 12    Spells: 4/4 levels left

rFire   . . .        h - +2 dagger (distort)
rCold   . . .        (no shield)
rNeg    . . .        (helmet currently unavailable)
rPois   .            (no amulet)
rElec   .            (no ring)
rCorr   .            (no ring)
SInv    .            (no ring)
Will    .....        (no ring)
Stlth   +++          (no ring)
HPRegen 0.25/turn    (no ring)
MPRegen 0.09/turn    (no ring)
                     (no ring)

%: no passive effects
@: beast-form
A: beast (slay +1), almost no armour, amphibious, 8 rings, camouflage 1,
gelatinous body 1, (nimble swimmer 1), tentacles
a: Begin Untransformation


You were on level 2 of the Dungeon.
You were a hulking beast.
You visited 1 branch of the dungeon, and saw 2 of its levels.

You collected 72 gold pieces.

Inventory:

Hand Weapons
 h - a +2 dagger of distortion (weapon)
 n - a +2 dagger of venom
Magical Staves
 e - a staff of death
Talismans
 g - a beast talisman (active)
Wands
 b - a wand of flame (12) (quivered)
 c - a wand of charming (14)
 d - a wand of iceblast (5)
Scrolls
 i - a scroll of enchant weapon {unknown}
 k - a scroll of identify {unknown}
 l - a scroll of amnesia {unknown}
Potions
 a - 2 potions of curing {unknown}
 f - a potion of might {unknown}
 m - a potion of lignification {unknown}


   Skills:
 + Level 1.1 Fighting
 * Level 1.1 Short Blades
 - Level 1.0 Maces & Flails
 + Level 3.0 Dodging
 + Level 2.3 Stealth
 * Level 2.3 Unarmed Combat
 + Level 4.0 Evocations
 + Level 1.9 Shapeshifting


You had 4 spell levels left.
You didn't know any spells.
Your spell library contained the following spells:

 Spells                   Type           Power      Damage    Failure   Level
 Apportation              Tloc           0%         N/A       30%         1
 Jinxbite                 Hex            0%         N/A       43%         2
 Scorch                   Fire           0%         2d5       43%         2
 Dazzling Flash           Conj/Hex       0%         N/A       67%         3
 Flame Wave               Conj/Fire      0%         2d4       97%         4
 Agony                    Necr           0%         N/A       100%        5
 Alistair's Intoxication  Tmut/Pois      0%         N/A       100%        5
 Silence                  Hex/Air        0%         N/A       100%        5
 Summon Cactus Giant      Summ           0%         N/A       100%        6


Dungeon Overview and Level Annotations

Branches:
Dungeon (2/15)

Altars:


Innate Abilities, Weirdness & Mutations

You are a hulking beast.
Your limbs bulge with bestial killing power. (Slay +1)
You cannot wear most types of armour.
You are amphibious.
You can wear up to eight rings at the same time.
Your skin changes colour to match your surroundings (Stealth+).
Your rubbery body absorbs attacks. (AC +1, EV +1)
((You are camouflaged when in or above water. (Stealth+)))
You have tentacles for arms and can constrict up to eight enemies at once.


Message History

You see here 6 gold pieces.
You now have 59 gold pieces (gained 6).
You hit the rat.
You kill the rat!
You see here a rat corpse.
You see here a rat corpse.
You now have 72 gold pieces (gained 13).
A ball python comes into view.
You closely miss the ball python. Your grab misses the ball python.
The ball python closely misses you. The ball python grabs you.
The ball python constricts you.
You hit the ball python.
Space warps around the ball python.
You kill the ball python!
You see here a ball python corpse.
There is a stone staircase leading down here.
There is an open door here.
Aiming: Throw Flame
Press: ? - help, Shift-Dir - straight line, f - gnoll
Aim: a gnoll, wielding a +0 whip (75% to hit)
The puff of flame hits the gnoll!
The gnoll is almost dead.
You hear a shout!
You barely miss the gnoll. You grab the gnoll. You tentacle-slap the gnoll.
You kill the gnoll!
Okay, then.
The gnoll hits you with a +0 spear. The gnoll closely misses you.
Things that are here:
a +0 whip; a gnoll corpse You barely miss the gnoll.
You grab the gnoll. You constrict the gnoll.
The gnoll hits you with a +0 spear.
The gnoll hits you from afar with a +0 halberd!
You hit the gnoll.
Space warps around the gnoll.
You squeeze the gnoll.
You kill the gnoll!
The gnoll barely misses you. The gnoll barely misses you.
You see here a +0 spear.
You hit the gnoll.
Space warps around the gnoll.
You grab the gnoll.
The gnoll is moderately wounded.
You constrict the gnoll. The gnoll hits you with a +0 halberd!
You die...

#.###########
#...........#
#.########.## #.# #.#
#.# #.#
##########.########.#
.........#.#........#
########.#.#.#########
.# #.#.#...)hg...#
.#######.#.#######.###
.##.†..#.#....# #.#
.##.##.#.####.# #.#
###.##.#.# #.# #.# #
#.##.#.# #.# #.#
###.##.#.# #.####.#
.....#.#.####......#
######.#.#.........#


You could see a gnoll.

Vanquished Creatures
  An orc priest (D:2)
  Terence (D:2)
  An orc wizard (D:2)
  2 gnolls (D:2)
  2 worms (D:2)
  An orc (D:2)
  8 bats
  6 endoplasms
  2 giant cockroaches
  9 hobgoblins
  A quokka (D:1)
  4 ball pythons
  2 frilled lizards
  12 goblins
  2 kobolds (D:1)
  6 rats
60 creatures vanquished.

Vanquished Creatures (others)
  Robin (D:2)
1 creature vanquished.

Grand Total: 61 creatures vanquished

Notes
Turn   | Place    | Note
-------+----------+-------------------------------------------
     0 | D:1      | monsoonserge the Octopode Artificer began the quest for the
                  | Orb.
     0 | D:1      | Reached XP level 1. HP: 13/13 MP: 1/1
   139 | D:1      | Reached XP level 2. HP: 18/18 MP: 2/2
   270 | D:1      | Reached skill level 1 in Short Blades
   475 | D:1      | Reached XP level 3. HP: 20/23 MP: 3/3
   864 | D:2      | Noticed Terence
   887 | D:2      | Noticed Robin
   899 | D:2      | Your ally Robin died
   903 | D:2      | Killed Terence
   904 | D:2      | Reached skill level 1 in Maces & Flails
   904 | D:2      | Reached skill level 1 in Unarmed Combat
   904 | D:2      | Reached XP level 4. HP: 11/28 MP: 4/4
   906 | D:2      | Reached skill level 1 in Shapeshifting
   907 | D:2      | HP: 1/28 [poisoned by a goblin]
   975 | D:2      | Reached skill level 4 in Evocations
   980 | D:2      | Reached XP level 5. HP: 14/33 MP: 5/5
  1719 | D:2      | Slain by a gnoll

Illustrated notes

Levels and vault maps discovered:
D:1:      spicycebolla_green_bress_n_ham, layout_loops_cross,
          dreamdust_mushroom_princess
D:2:      layout_basic, uniq_robin, uniq_terence

Skill      XL: |  1  2  3  4 |
---------------+-------------+-----
Short Blades   | 1 |  1.1
Maces & Flails | 1 |  1.0
Dodging        | 3 |  3.0
Stealth        | 2 |  2.3
Unarmed Combat | 1 2 |  2.3
Shapeshifting  | 1 |  1.9
Evocations     | 4 |  4.0
Fighting       | |  1.1

Action                     |  1- 3 |  4- 6 || total
---------------------------+-------+-------++-------
  Melee: Short sword       |    29 |       ||    29
         Constrict         |    21 |    11 ||    32
         Tentacles         |    22 |     8 ||    30
         Dagger            |     4 |    35 ||    39
         Club              |     1 |       ||     1
         Whip              |    38 |     8 ||    46
         Punch             |       |     3 ||     3
  Evoke: Wand              |     3 |     1 ||     4
    Use: Potion            |       |     1 ||     1
   Stab: Sleeping          |     6 |       ||     6
 Armour: Skin              |    33 |    16 ||    49
  Dodge: Dodged            |    25 |    22 ||    47
   Form: Beast             |     1 |       ||     1

Table legend: (Time is in decaauts)
 A = Elapsed time spent in this place.
 B = Non-inter-level travel time spent in this place.
 C = Inter-level travel time spent in this place.
 D = Time resting spent in this place.
 E = Time spent auto-exploring this place.
 F = Levels seen in this place.
 G = Mean time per level.
                   A        B        C        D        E       F      G
               +--------+--------+--------+--------+--------+-----+--------+
         Total |   1714 |   1692 |     22 |     42 |   1112 |   2 |  857.0 |
       Dungeon |   1714 |   1692 |     22 |     42 |   1112 |   2 |  857.0 |
               +--------+--------+--------+--------+--------+-----+--------+

Top non-repeatable levels by time:
     D:2: 1110 daAuts
     D:1: 603 daAuts
